 Dungeon Crawl Stone Soup version 0.25-a0-734-g73332aeda9 (webtiles) character file.

Game seed: 8428328307741851608, levelgen mode: deterministic

98 Esekla the Slasher (level 4, -2/35 HPs)
             Began as a Barachi Warper on Apr 10, 2020.
             Slain by a sky beast (5 damage)
             ... on level 2 of the Dungeon.
             The game lasted 00:22:40 (3333 turns).

Esekla the Slasher (Barachi Warper)                 Turns: 3333, Time: 00:22:40

Health: -2/35      AC:  3    Str: 13    XL:     4   Next: 71%
Magic:  0/17       EV: 12    Int: 15    God:
Gold:   160        SH:  0    Dex: 12    Spells: 4/8 levels left

rFire    . . .     SeeInvis .   a - +0 falchion
rCold    . . .     Gourm    .   (no shield)
rNeg     . . .     Faith    .   b - +0 leather armour
rPois    .         Spirit   +   (no helmet)
rElec    .         Reflect  .   (no cloak)
rCorr    .         Harm     .   (no gloves)
MR       .....                  (no boots)
Stlth    +.........             p - amulet of guardian spirit
HPRegen  0.11/turn              m - ring of magical power
MPRegen  0.15/turn              o - +2 ring of intelligence

@: can't hop, slow
A: +LOS, swims, slowness 1, strong legs 1
a: Hop


You were on level 2 of the Dungeon.
You were hungry.

You visited 1 branch of the dungeon, and saw 3 of its levels.

You collected 160 gold pieces.

Inventory:

Hand Weapons
 a - a +0 falchion (weapon)
 h - a +0 short sword
Missiles
 e - 5 boomerangs of dispersal (quivered)
Armour
 b - a +0 leather armour (worn)
Jewellery
 m - a ring of magical power (left hand)
 o - a +2 ring of intelligence (right hand)
 p - an amulet of guardian spirit (around neck)
Scrolls
 d - a scroll of blinking
 g - a scroll of random uselessness {unknown}
 l - 2 scrolls of remove curse {unknown}
 n - a scroll of teleportation {unknown}
 q - a scroll of fear {unknown}
Potions
 c - 3 potions of curing
 i - a potion of ambrosia
 j - a potion of brilliance
 r - a potion of mutation
 s - a potion of stabbing
Comestibles
 f - 6 rations


   Skills:
 * Level 3.0 Fighting
 * Level 4.1 Long Blades
 + Level 1.0 Throwing
 + Level 1.9 Armour
 + Level 2.7 Dodging
 * Level 2.8 Spellcasting
 * Level 0.7 Charms
 + Level 3.3 Translocations


You had 4 spell levels left.
You knew the following spells:

 Your Spells              Type           Power        Failure   Level  Hunger
a - Shroud of Golubria    Chrm/Tloc      #.....       17%         2    ##.....
b - Blink                 Tloc           N/A          10%         2    ##.....

Your spell library contained the following spells:

 Spells                   Type           Power        Failure   Level  Hunger
 Gell's Gravitas          Tloc           ##........   21%         3    ###....
 Lesser Beckoning         Tloc           ##........   21%         3    ###....
 Teleport Other           Tloc           ##......     21%         3    ###....
 Passage of Golubria      Tloc           N/A          54%         4    #####..


Dungeon Overview and Level Annotations

Branches:
Dungeon (3/15)

Altars:
The Shining One


Innate Abilities, Weirdness & Mutations

You can be seen from farther away. (+LOS)
You can swim through water.
You cover ground slowly.
You can hop short distances.


Message History

* * * LOW HITPOINT WARNING * * *
You barely miss the sky beast.
The sky beast is severely wounded.
The sky beast closely misses you.
You closely miss the sky beast.
The sky beast is severely wounded.
The sky beast hits you but does no damage.
You barely miss the sky beast.
The sky beast is severely wounded.
The sky beast hits you.
* * * LOW HITPOINT WARNING * * *
The sky beast shocks you.
* * * LOW HITPOINT WARNING * * *
Hop to where?
Press: ? - help, Dir - move target cursor Boing!
The sky beast barely misses you.
You riposte.
You closely miss the sky beast.
The sky beast is severely wounded.
The sky beast hits you. The sky beast shocks you.
You die...

......# #####'## ......(#
.......# .......# #####.##
##### #)# #...#
#####.#######...###########
............°..Y@........>#
#####.#######...#########.#
#(# #...# #.# #.# #...# #.#
#.# ##### #.# ##'#### #.#
#.....# #.#
####.....################.#
...'...........##.........#


You could see a sky beast.

Vanquished Creatures
  A worker ant (D:2)
  An adder (D:3)
  3 worms
  A dart slug (D:1)
  A leopard gecko (D:1)
  An orc (D:3)
  3 bats (D:1)
  3 giant cockroaches
  6 goblins
  7 hobgoblins
  2 jackals (D:2)
  A ball python (D:3)
  7 frilled lizards
  8 kobolds
  4 rats
49 creatures vanquished.

Notes
Turn   | Place    | Note
-------+----------+-------------------------------------------
     0 | D:1      | Esekla the Barachi Warper began the quest for the Orb.
     0 | D:1      | Reached XP level 1. HP: 17/17 MP: 3/3
   211 | D:1      | Reached XP level 2. HP: 20/23 MP: 5/5
   258 | D:1      | Reached skill level 3 in Long Blades
   446 | D:1      | Reached XP level 3. HP: 12/28 MP: 6/6
   451 | D:1      | Learned a level 2 spell: Shroud of Golubria
  1015 | D:1      | Learned a level 2 spell: Blink
  1330 | D:2      | Found a glowing golden altar of the Shining One.
  1736 | D:2      | Reached skill level 4 in Long Blades
  1736 | D:2      | Reached XP level 4. HP: 8/34 MP: 4/8
  2677 | D:3      | Noticed a sky beast
  3333 | D:2      | Slain by a sky beast

Levels and vault maps discovered:
D:1:      nicolae_arrival_memento_mori, layout_loops_ring
D:2:      layout_basic, lemuel_crystal_altar, first_ration
D:3:      layout_basic, minmay_tree_intersection, minmay_pentangle, uniq_purgy,
          uniq_jessica, uniq_terence, uniq_crazy_yiuf_cottage

Skill      XL: |  1  2  3  4 |
---------------+-------------+-----
Long Blades    | 3 4 |  4.1
Fighting       | 3 |  3.0
Throwing       | |  1.0
Armour         | |  1.9
Dodging        | |  2.7
Spellcasting   | |  2.8
Charms         | |  0.7
Translocations | |  3.3

Action                   |  1- 3 |  4- 6 || total
-------------------------+-------+-------++-------
Melee: Falchion          |   108 |    81 ||   189
 Cast: Shroud of Golubri |     3 |     9 ||    12
       Blink             |       |     1 ||     1
 Abil: Hop               |     1 |     2 ||     3
  Use: Scroll            |     1 |     5 ||     6
  Eat: Chunk             |     3 |     6 ||     9
Armor: Leather armour    |    23 |    19 ||    42
Dodge: Dodged            |    69 |    41 ||   110
       Rpst.: Falchion   |    21 |    19 ||    40

Table legend:
 A = Non-vault XP
 B = Vault XP
 C = Vault XP percentage of total XP
 D = Non-vault monster count
 E = Vault monster count
 F = Vault count percentage of total count
                 A         B        C        D         E       F
            +---------+---------+-------+---------+---------+-------
      Total |     118 |      23 |  16.3 |      44 |       5 |  10.2
            +---------+---------+-------+---------+---------+-------
        D:1 |      38 |       0 |   0.0 |      21 |       0 |   0.0
        D:2 |      64 |       0 |   0.0 |      14 |       0 |   0.0
        D:3 |      16 |      23 |  59.0 |       9 |       5 |  35.7
            +---------+---------+-------+---------+---------+-------
